 Dungeon Crawl Stone Soup version 0.23-a0-143-g1adec7b (webtiles) character file.

11729 Amnesiac the Frost Mage (level 11, 0/68 HPs)
             Began as a Mummy Ice Elementalist on Sept 2, 2018.
             Was a High Priest of Vehumet.
             Splashed by a brown ugly thing's acid (11 damage)
             ... on level 11 of the Dungeon.
             The game lasted 00:30:51 (14140 turns).

Amnesiac the Frost Mage (Mummy Ice Elementalist)   Turns: 14140, Time: 00:30:51

Health: 0/68       AC:  9    Str:  6    XL:     11   Next: 53%
Magic:  3/27       EV:  9    Int: 24    God:    Vehumet [*****.]
Gold:   709        SH:  0    Dex: 17    Spells: 20/35 levels left

rFire    x . .     SeeInvis .   m - +8 mace of Desertification {distort, rPois Str-5 Int+3 Dex+4}
rCold    + . .     Gourm    .   (no shield)
rNeg     + + +     Faith    .   o - +4 ring mail of Depression {Int+3}
rPois    ∞         Spirit   .   (no helmet)
rElec    .         Reflect  .   j - +2 cloak
rCorr    .         Harm     .   u - +0 pair of gloves
MR       ++...                  (no boots)
Stlth    +.........             (no amulet)
HPRegen  0.21/turn              y - ring of protection from magic
MPRegen  0.20/turn              z - ring of wizardry

@: corroded
A: no food or potions, fire vulnerability, cold resistance 1, negative energy
resistance 3, torment resistance, unbreathing
a: Renounce Religion


You were on level 11 of the Dungeon.
You worshipped Vehumet.
Vehumet was extremely pleased with you.
You were not hungry.

You visited 2 branches of the dungeon, and saw 13 of its levels.
You also visited: Sewer and Ossuary.

You collected 709 gold pieces.

Inventory:

Hand Weapons
 a - a +0 blowgun
 m - the +8 mace of Desertification (weapon) {distort, rPois Str-5 Int+3 Dex+4}
   (You found it on level 7 of the Dungeon)

   It warps and distorts space around it.
   Unwielding it can cause banishment or high damage.
   It affects your strength (-5).
   It affects your intelligence (+3).
   It affects your dexterity (+4).
   It protects you from poison.
Missiles
 b - 65 poisoned needles
 B - 5 curare-tipped needles
Armour
 f - a +0 troll leather armour
 j - a +2 cloak (worn)
 o - the +4 ring mail of Depression (worn) {Int+3}
   (You found it on level 6 of the Dungeon)

   It affects your intelligence (+3).
 t - a +0 shield
 u - a +0 pair of gloves (worn)
 x - a +2 large shield
Magical Staves
 c - an uncursed staff of earth
Jewellery
 n - an uncursed ring of teleportation
 y - a ring of protection from magic (left hand)
 z - a ring of wizardry (right hand)
Wands
 g - a wand of flame (33)
 k - a wand of scattershot (15)
 s - a wand of paralysis (12)
 v - a wand of enslavement (13)
Scrolls
 d - 7 scrolls of remove curse {!r}
 e - 9 scrolls of identify {!r}
 h - 4 scrolls of amnesia {!r}
 i - 6 scrolls of teleportation {!r}
 l - 3 scrolls of fear {!r}
 p - 2 scrolls of blinking {!r}
 q - a scroll of enchant weapon {!r}
 r - 2 scrolls of vulnerability {!r}
 w - a scroll of immolation {!r}
 A - 2 scrolls of magic mapping {!r, unknown}


   Skills:
 - Level 1.5 Dodging
 - Level 1.5 Stealth
 + Level 12.6 Spellcasting
 - Level 0.7 Conjurations
 * Level 12.6 Ice Magic


You had 20 spell levels left.
You knew the following spells:

 Your Spells              Type           Power        Failure   Level  Hunger
a - Freeze                Ice            ####         1%          1    N/A
b - Ozocubu's Armour      Chrm/Ice       #####...     1%          3    N/A
c - Summon Ice Beast      Ice/Summ       #####...     4%          4    N/A
d - Throw Icicle          Conj/Ice       #####...     1%          4    N/A
e - Mephitic Cloud        Conj/Pois/Air  ###.....     5%          3    N/A

Your spell library contained the following spells:

 Spells                   Type           Power        Failure   Level  Hunger
 Lightning Bolt           Conj/Air       ###.......   34%         5    N/A
 Throw Frost              Conj/Ice       #####.       1%          2    N/A
 Conjure Flame            Conj/Fire      ###.....     4%          3    N/A
 Poisonous Vapours        Pois/Air       ###...       11%         2    N/A
 Freezing Cloud           Conj/Ice/Air   #####.....   36%         6    N/A
 Ring of Flames           Chrm/Fire      ###.......   100%        7    N/A

Dungeon Overview and Level Annotations

Branches:
Dungeon (12/15)            Temple (1/1) D:6            Lair (0/6) D:10
    Orc: D:9-12

Altars:
Ashenzari
Cheibriados
Dithmenos
Elyvilon
Fedhas
Gozag
Hepliaklqana
Kikubaaqudgha
Makhleb
Nemelex Xobeh
Okawaru
Qazlal
Ru
Sif Muna
Trog
Uskayaw
Vehumet
Wu Jian
Xom
Yredelemnul
Zin
The Shining One

Portals:
Trove: D:10 (give +5 demon blade)

Annotations:
D:8 2 transporters


Innate Abilities, Weirdness & Mutations

You do not eat or drink.
Your flesh is vulnerable to fire.
You are immune to poison.
Your flesh is cold resistant. (rC+)
You are immune to negative energy. (rN+++)
You are immune to unholy pain and torment.
You can survive without breathing.


Message History

Aiming: Freeze (safe; 1% risk of failure)
Press: ? - help, Shift-Dir - straight line, f/p - howler monkey
Aim: a howler monkey (lightly wounded, catching its breath)
You freeze the howler monkey.
The howler monkey is heavily wounded.
The howler monkey hits you but does no damage.
Casting: Freeze (safe; 1% risk of failure)
Confirm with . or Enter, or press ? or * to list all spells.
Aiming: Freeze (safe; 1% risk of failure)
Press: ? - help, Shift-Dir - straight line, f/p - howler monkey
Aim: a howler monkey (heavily wounded, catching its breath)
You freeze the howler monkey.
You kill the howler monkey!
Vehumet accepts your kill.
You feel your power returning.
Casting: Freeze (safe; 1% risk of failure)
Confirm with . or Enter, or press ? or * to list all spells.
You can't see any susceptible monsters within range! (Use Z to cast anyway.)
Casting: Freeze (safe; 1% risk of failure)
Confirm with . or Enter, or press ? or * to list all spells.
Aiming: Throw Icicle (safe; 1% risk of failure)
Press: ? - help, Shift-Dir - straight line, f - brown ugly thing
Aim: a brown ugly thing The shard of ice hits the brown ugly thing.
The brown ugly thing is lightly wounded.
Your magical contamination has completely faded away.
Casting: Throw Icicle (safe; 1% risk of failure)
Confirm with . or Enter, or press ? or * to list all spells.
You don't have enough magic to cast that spell.
Casting: Throw Icicle (safe; 1% risk of failure)
Confirm with . or Enter, or press ? or * to list all spells.
You don't have enough magic to cast that spell.
A bullfrog comes into view.
The bullfrog gives a loud, deep croak!
Things that are here:
a giant spiked club; an ogre skeleton
There is a stone staircase leading up here.
The brown ugly thing tail-slaps you.
You are splashed with acid!
The acid burns!
* * * LOW HITPOINT WARNING * * *
You climb upwards.
There is a stone staircase leading down here.
Casting: Throw Icicle (safe; 1% risk of failure)
Confirm with . or Enter, or press ? or * to list all spells.
Aiming: Throw Icicle (safe; 1% risk of failure)
Press: ? - help, Shift-Dir - straight line, f - brown ugly thing
Aim: a brown ugly thing The shard of ice hits the brown ugly thing.
The brown ugly thing is moderately wounded.
The brown ugly thing barely misses you.
You hit the brown ugly thing but do no damage.
Space bends around the brown ugly thing.
The brown ugly thing is moderately wounded.
The brown ugly thing barely misses you.
You completely miss the brown ugly thing.
The brown ugly thing is moderately wounded.
The brown ugly thing tail-slaps you.
* * * LOW HITPOINT WARNING * * *
The acid corrodes you!
You are splashed with acid!
The acid burns!
* * * LOW HITPOINT WARNING * * *
The brown ugly thing tail-slaps you!
* * * LOW HITPOINT WARNING * * *
You are splashed with acid!
The acid burns!
You die...

.............#..........#
........................#
........................#
........>......_........#
........................#
....#...........).......#
...##.........#...#######
########.####.##u## #####
### ##.#.....(@# ##...## ..#
##....###.#.####.....## ..#
#...### #...(##...[...# ..#
#.#.## ##[#(.#...<...#
..####.#..#####(##.........#
............).)...........##
..###.###.#####.####.......#
......# #.# #..# #.......#
..#..## #.# ##.## #.......#


You could see a brown ugly thing.

Vanquished Creatures
  2 two-headed ogres
  An unseen horror (D:10)
  An ugly thing (D:11)
  A centaur zombie (D:12)
  A komodo dragon (D:11)
  3 trolls
  A hornet (D:11)
  3 slime creatures (D:10)
  The ghost of Moebius the Firebug, an amateur DEFE (D:5)
  A human (D:8)
  A wraith (D:12)
  4 hogs (D:8)
  2 wyverns
  2 hungry ghosts
  A water moccasin (D:8)
  4 orc warriors
  A sky beast (D:10)
  An ice beast (D:8)
  3 black bears
  2 phantoms
  6 centaurs
  4 ogres
  6 bullfrogs
  6 big kobolds
  A wyvern zombie (D:10)
  2 water moccasin zombies (Ossuary)
  18 killer bees
  5 howler monkeys
  2 bullfrog zombies
  4 crimson imps
  4 quasits
  5 hounds
  2 orc priests
  Crazy Yiuf (D:7)
  2 bullfrog skeletons
  2 jellies
  A centaur skeleton (D:11)
  Terence (D:3)
  An iguana (D:4)
  Ijyb (D:4)
  10 orc wizards
  10 worker ants
  A killer bee zombie (D:8)
  2 big kobold zombies (Ossuary)
  2 mummies (Ossuary)
  11 adders
  3 gnolls (D:6)
  2 shadow imps
  4 oozes
  An adder skeleton (D:4)
  3 worms
  A dart slug (D:3)
  6 leopard geckos
  47 orcs
  2 ball pythons
  5 bats
  4 giant cockroaches
  A gnoll zombie (Ossuary)
  4 goblins
  7 hobgoblins
  13 jackals
  32 kobolds
  3 quokkas
  9 frilled lizards
  5 hobgoblin zombies (Ossuary)
  4 kobold zombies (Ossuary)
  A leopard gecko zombie (D:7)
  5 orc zombies (Ossuary)
  2 quokka skeletons
  16 rats
326 creatures vanquished.

Vanquished Creatures (collateral kills)
  An ogre (D:5)
  2 bullfrog skeletons
  A centaur skeleton (D:7)
4 creatures vanquished.

Vanquished Creatures (others)
  2 slime creatures (D:10)
  A necrophage (D:9)
  A water moccasin zombie (Ossuary)
  A wyvern skeleton (D:11)
  An orc zombie (Ossuary)
6 creatures vanquished.

Grand Total: 336 creatures vanquished

Notes
Turn   | Place    | Note
-------+----------+-------------------------------------------
     0 | D:1      | Amnesiac the Mummy Ice Elementalist began the quest for the
                  | Orb.
     0 | D:1      | Reached XP level 1. HP: 13/13 MP: 4/4
    80 | D:2      | Reached XP level 2. HP: 16/19 MP: 0/5
   179 | D:3      | Noticed Ijyb
   350 | D:4      | Reached XP level 3. HP: 22/24 MP: 2/7
   355 | D:4      | Learned a level 3 spell: Ozocubu's Armour
   411 | D:5      | Entered Level 5 of the Dungeon
   498 | D:4      | Found a snail-covered altar of Cheibriados.
   518 | D:4      | Found a blossoming altar of Fedhas.
   570 | D:4      | Found a glowing drain.
   576 | D:4      | Reached XP level 4. HP: 20/30 MP: 5/9
   580 | Sewer    | Entered a sewer
   677 | Sewer    | Learned a level 4 spell: Summon Ice Beast
   692 | Sewer    | Noticed a big kobold
   707 | Sewer    | Killed a big kobold
   707 | Sewer    | Reached XP level 5. HP: 19/35 MP: 0/11
   983 | Sewer    | Reached XP level 6. HP: 16/41 MP: 0/13
  1322 | Sewer    | Reached skill level 5 in Ice Magic
  1352 | D:4      | Learned a level 4 spell: Throw Icicle
  1731 | D:3      | Reached skill level 5 in Spellcasting
  1961 | D:4      | Found a glowing silver altar of Zin.
  2861 | D:5      | Found a runed door.
  2865 | D:5      | Noticed Moebius's ghost (amateur DEFE)
  2928 | D:5      | Found an ancient bone altar of Kikubaaqudgha.
  2939 | D:5      | Found a sparkling altar of Nemelex Xobeh.
  2997 | D:5      | Reached XP level 7. HP: 30/46 MP: 0/15
  3484 | D:5      | Killed Moebius's ghost
  3864 | D:6      | Found a hide-covered altar of Uskayaw.
  4149 | D:6      | Reached XP level 8. HP: 52/52 MP: 14/18
  4185 | D:6      | Found a staircase to the Ecumenical Temple.
  4201 | Temple   | Entered the Ecumenical Temple
  4323 | D:6      | Found a shadowy altar of Dithmenos.
  4373 | D:6      | Found a radiant altar of Vehumet.
  4381 | D:6      | Became a worshipper of Vehumet
  4542 | D:4      | Killed Ijyb
  4858 | D:1      | Reached * piety under Vehumet
  4858 | D:1      | Offered knowledge of Sandblast by Vehumet.
  5735 | D:3      | Offered knowledge of Searing Ray by Vehumet.
  5864 | D:3      | Reached ** piety under Vehumet
  6042 | D:3      | Noticed Terence
  6052 | D:3      | Killed Terence
  6622 | D:6      | Got a steaming ring mail
  6820 | D:7      | Found a runed door.
  6893 | D:7      | Found a hazy altar of Hepliaklqana.
  6969 | D:7      | Identified the +4 ring mail of Depression {Int+3} (You
                  | found it on level 6 of the Dungeon)
  7468 | D:7      | Noticed Crazy Yiuf
  7473 | D:7      | Killed Crazy Yiuf
  7478 | D:7      | Got a dazzling mace
  7489 | D:7      | Identified the +8 mace of Desertification {distort, rPois
                  | Str-5 Int+3 Dex+4} (You found it on level 7 of the Dungeon)
  7557 | D:8      | Reached XP level 9. HP: 19/57 MP: 15/21
  7604 | D:8      | Found a sand-covered staircase.
  7613 | Ossuary  | Entered an ossuary
  7760 | Ossuary  | Offered knowledge of Stone Arrow by Vehumet.
  7787 | Ossuary  | Reached *** piety under Vehumet
  7928 | D:8      | Offered knowledge of Dazzling Spray by Vehumet.
  7954 | D:8      | Found a transporter.
  8006 | D:8      | Found a transporter.
  8006 | D:8      | Noticed a troll
  8007 | D:8      | Noticed a frost giant
  8115 | D:8      | Found a glowing golden altar of the Shining One.
  8410 | D:8      | Learned a level 3 spell: Mephitic Cloud
  8972 | D:8      | Reached skill level 10 in Spellcasting
  8972 | D:8      | Reached skill level 10 in Ice Magic
  9055 | D:9      | Found an iron altar of Okawaru.
  9167 | D:9      | Found an opulent altar of Gozag.
  9190 | D:9      | Reached **** piety under Vehumet
  9295 | D:8      | Reached XP level 10. HP: 42/63 MP: 22/24
  9654 | D:9      | Noticed a two-headed ogre
  9662 | D:9      | Killed a two-headed ogre
  9662 | D:9      | Offered knowledge of Iskenderun's Mystic Blast by Vehumet.
 10084 | D:9      | Found a sacrificial altar of Ru.
 10086 | D:9      | Found a shimmering altar of Xom.
 10086 | D:9      | Found a basalt altar of Yredelemnul.
 10088 | D:9      | Found a hazy altar of Hepliaklqana.
 10088 | D:9      | Found a shimmering altar of Xom.
 10088 | D:9      | Found a shimmering altar of Xom.
 10157 | D:10     | Entered Level 10 of the Dungeon
 10238 | D:10     | Killed an unseen horror
 10547 | D:10     | Reached ***** piety under Vehumet
 10890 | D:10     | Found a staircase to the Lair.
 10953 | D:10     | Found a portal to a secret trove of treasure.
 11030 | D:10     | Noticed a two-headed ogre
 11039 | D:10     | Killed a two-headed ogre
 11366 | D:10     | Reached XP level 11. HP: 68/68 MP: 18/26
 11595 | D:10     | Offered knowledge of Lightning Bolt by Vehumet.
 12467 | D:11     | Noticed a green ugly thing
 12504 | D:11     | Killed a green ugly thing
 12871 | D:11     | Found a basalt altar of Yredelemnul.
 14111 | D:12     | Noticed a brown ugly thing
 14140 | D:11     | Splashed by a brown ugly thing's acid

Vault maps used:
D:1:      dpeg_arrival_radiant, interstate_on_off, minmay_hexomino_c4
D:3:      uniq_terence, uniq_ijyb
D:4:      nicolae_overflow_crystal_walls, kennysheep_mini_moat,
          nicolae_overflow_hidden_temple, first_ration, portal_sewer_entry_b,
          grunt_decor_mini_mirrors
D:5:      overflow_temple_1_default, old_standard_altar, ebering_ghost_sewer_d
D:6:      nicolae_dithmenos_shadow_blocks, marbit_many_paths,
          lemuel_round_altar, minmay_temple_entry_trees, nrook_loot_triangle
D:7:      old_standard_altar, uniq_crazy_yiuf_cottage
D:8:      gammafunk_temple_overflow_arena, nicolae_ossuary_entry_monument,
          grunt_livestock
D:9:      okawaru_trees_1, doesnt_xom_only_xom, grunt_gozag_statues
D:10:     lair_entry_dummy, nicolae_trove_entry_diagonal,
          minmay_unpleasant_kobolds
D:11:     basic_altar, serial_bayou_pond_d
D:12:     minmay_orc_entry_temple_small, serial_shops, shop, special_room
Temple:   kb_temple_of_zot
Sewer:    kennysheep_pipe_town
Ossuary:  ossuary_tomb_2

Skill      XL: |  1  2  3  4  5  6  7  8  9 10 11 |
---------------+----------------------------------+-----
Ice Magic      | 3 4 5 6 8 10 11 12 | 12.6
Spellcasting   | 3 4 5 6 8 10 11 12 | 12.6
Dodging        | |  1.5
Stealth        | |  1.5
Conjurations   | |  0.7

Action                   |  1- 3 |  4- 6 |  7- 9 | 10-12 || total
-------------------------+-------+-------+-------+-------++-------
Melee: Quarterstaff      |       |    24 |    91 |       ||   115
       Mace              |       |       |   110 |    57 ||   167
 Cast: Freeze            |    24 |    82 |   298 |   166 ||   570
       Summon Ice Beast  |       |     1 |     6 |       ||     7
       Ozocubu's Armour  |       |       |     1 |       ||     1
       Throw Icicle      |       |       |     3 |   127 ||   130
       Mephitic Cloud    |       |       |       |     1 ||     1
  Use: Scroll            |       |     5 |     5 |     6 ||    16
 Stab: Sleeping          |       |     1 |       |       ||     1
Armor: Robe              |     2 |    11 |    61 |       ||    74
       Ring mail         |       |       |   137 |   162 ||   299
Dodge: Dodged            |     9 |    62 |   284 |   131 ||   486

Table legend:
 A = Non-vault XP
 B = Vault XP
 C = Vault XP percentage of total XP
 D = Non-vault monster count
 E = Vault monster count
 F = Vault count percentage of total count
                 A         B        C        D         E       F
            +---------+---------+-------+---------+---------+-------
      Total |   14619 |    2138 |  12.8 |     264 |      72 |  21.4
            +---------+---------+-------+---------+---------+-------
        D:1 |      23 |       7 |  23.3 |      16 |       5 |  23.8
        D:2 |      94 |       0 |   0.0 |      19 |       0 |   0.0
        D:3 |     120 |      38 |  24.1 |      34 |       1 |   2.9
        D:4 |     275 |      40 |  12.7 |      14 |       4 |  22.2
        D:5 |     372 |     253 |  40.5 |      11 |       3 |  21.4
        D:6 |     628 |       0 |   0.0 |      21 |       0 |   0.0
        D:7 |     362 |      42 |  10.4 |       9 |       1 |  10.0
        D:8 |    1322 |     992 |  42.9 |      22 |       5 |  18.5
        D:9 |    2306 |       0 |   0.0 |      28 |       0 |   0.0
       D:10 |    4597 |     107 |   2.3 |      29 |       6 |  17.1
       D:11 |    3340 |       0 |   0.0 |      52 |       0 |   0.0
       D:12 |    1180 |       0 |   0.0 |       9 |       0 |   0.0
      Sewer |       0 |     326 | 100.0 |       0 |      24 | 100.0
    Ossuary |       0 |     333 | 100.0 |       0 |      23 | 100.0
            +---------+---------+-------+---------+---------+-------
